 Dungeon Crawl Stone Soup version 0.30-a0-1053-gbd8d5ba0ad (webtiles) character file.

Game seed: 11016333968350200378

64544 dva13 the Covert (level 15, -2/162 HPs)
             Began as a Gnoll Delver on Apr 11, 2023.
             Was a High Priest of Hepliaklqana.
             Slain by a white very ugly thing (10 damage)
             ... on level 3 of the Abyss on Apr 12, 2023.
             The game lasted 02:39:50 (21619 turns).

dva13 the Covert (Gnoll Delver)                    Turns: 21619, Time: 02:39:51

Health: -2/162     AC: 25    Str: 12    XL:     15   Next: 13%
Magic:  29/29      EV:  7    Int: 13    God:    Hepliaklqana [*****.]
Gold:   2692       SH:  7    Dex: 19    Spells: 34/34 levels left

rFire   + + .      SeeInvis +    a - +9 scimitar (elec)
rCold   + + .      Faith    .    A - +0 buckler
rNeg    + . .      Spirit   .    f - +2 plate armour {rC+}
rPois   +          Reflect  .    c - +1 helmet {SInv}
rElec   +          Rampage  .    B - scarf {+Inv}
rCorr   +                        t - +0 pair of gloves
Will    ++...                    h - +0 pair of boots Stlth
                                 m - macabre finger necklace {Finger+ rN+}
HPRegen 0.47/turn                L - ring "Fafylaif" {rF+ Int+2 SInv}
MPRegen 0.21/turn                e - +4 ring of protection
                                 S - ring of willpower

@: berserking, resistant, very quick
A: reduced essence, fangs 1, strong nose, distributed training
a: Renounce Religion, Evoke Invisibility, Recall Ancestor, Ancestor Identity,
Transference, Idealise


You were on level 3 of the Abyss.
You worshipped Hepliaklqana.
Hepliaklqana was extremely pleased with you.
You visited 2 branches of the dungeon, and saw 18 of its levels.
You visited the Abyss 1 time.
You also visited: Bailey and Gauntlet.

You collected 2692 gold pieces.

Inventory:

Hand Weapons
 a - a +9 scimitar of electrocution (weapon)
 b - a +2 war axe of flaming
 O - the +1 morningstar of the Shouting Gods {heavy, rPois rF+ Int+8 Stlth-}
   (You found it on level 13 of the Dungeon)

   Int:       It affects your intelligence (+8).
   rF:        It protects you from fire.
   rPois:     It protects you from poison.
   Stlth:     It makes you less stealthy.
Missiles
 v - 4 silver javelins (quivered)
 w - 25 poisoned darts
 N - 4 curare-tipped darts
 T - 3 atropa-tipped darts
Armour
 c - a +1 helmet of see invisible (worn)
 f - a +2 plate armour of cold resistance (worn)
 h - a +0 pair of boots (worn)
 t - a +0 pair of gloves (worn)
 A - a +0 buckler (worn)
 B - a scarf of invisibility (worn)
 Q - a +3 leather armour of fire resistance
Magical Staves
 y - the staff of air "Puevesog" {rElec rPois rN+ Str+3}
   (You found it on level 5 of the Lair of Beasts)

   [staff of air]

   Base accuracy: +5 Base damage: 5 Base attack delay: 1.2 This weapon's minimum
   attack delay (0.6) is reached at skill level 12.
   Str:       It affects your strength (+3).
   rElec:     It insulates you from electricity.
   rPois:     It protects you from poison.
   rN:        It protects you from negative energy.
   It falls into the 'Staves' category.
   It is a one-handed weapon.
Jewellery
 e - a +4 ring of protection (right hand)
 m - the macabre finger necklace (around neck) {Finger+ rN+}
   (You found it on level 10 of the Dungeon)

   [amulet of nothing]

   Finger+:   It enables you to equip an extra ring.
   rN:        It protects you from negative energy.
 L - the ring "Fafylaif" (left hand) {rF+ Int+2 SInv}
   (You found it on level 1 of the Lair of Beasts)

   [ring of see invisible]

   Int:       It affects your intelligence (+2).
   rF:        It protects you from fire.
   SInv:      It lets you see invisible.
 S - a ring of willpower (on amulet)
Wands
 g - a wand of digging (4)
 K - a wand of polymorph (11)
 P - a wand of charming (18)
 R - a wand of flame (42)
 Z - a wand of iceblast (1)
Scrolls
 d - 5 scrolls of magic mapping
 i - 4 scrolls of enchant weapon
 k - 4 scrolls of poison {unknown}
 l - 6 scrolls of teleportation
 n - 2 scrolls of blinking
 o - 2 scrolls of immolation
 s - 3 scrolls of silence {unknown}
 u - 5 scrolls of noise {unknown}
 x - 2 scrolls of enchant armour
 F - 7 scrolls of fog
 H - 5 scrolls of fear
 J - 5 scrolls of vulnerability {unknown}
 Y - a scroll of torment
Potions
 p - 7 potions of curing
 r - 7 potions of magic
 z - 2 potions of flight
 C - 3 potions of attraction
 D - a potion of mutation {unknown}
 E - a potion of brilliance
 G - 4 potions of berserk rage
 I - 5 potions of lignification
 V - 2 potions of cancellation
 X - a potion of resistance
Miscellaneous
 M - a tin of tremorstones (2/2)


   Skills:
 + Level 12.0 Fighting
 + Level 10.1 Short Blades
 + Level 11.1 Long Blades
 + Level 10.1 Axes
 + Level 10.1 Maces & Flails
 + Level 10.1 Polearms
 + Level 10.1 Staves
 + Level 10.1 Ranged Weapons
 + Level 10.1 Throwing
 + Level 10.1 Armour
 + Level 11.1 Dodging
 + Level 13.6 Stealth
 + Level 10.1 Shields
 + Level 10.1 Unarmed Combat
 + Level 10.1 Spellcasting
 + Level 8.4 Conjurations
 + Level 8.4 Hexes
 + Level 8.4 Summonings
 + Level 8.4 Necromancy
 + Level 8.4 Translocations
 + Level 8.4 Transmutations
 + Level 8.4 Fire Magic
 + Level 8.4 Ice Magic
 + Level 8.4 Air Magic
 + Level 8.4 Earth Magic
 + Level 8.4 Poison Magic
 + Level 11.0 Invocations
 + Level 10.1 Evocations


You had 34 spell levels left.
You didn't know any spells.
Your spell library contained the following spells:

 Spells                   Type           Power      Damage    Failure   Level
 Kiss of Death            Conj/Necr      100%       2d13      32%         1
 Magic Dart               Conj           100%       1d8       32%         1
 Sandblast                Erth           56%        2d13      32%         1
 Slow                     Hex            100%       N/A       32%         1
 Ensorcelled Hibernation  Hex/Ice        56%        N/A       43%         2
 Passwall                 Tmut/Erth      23%        N/A       43%         2
 Searing Ray              Conj           56%        2d6       43%         2
 Wereblood                Tmut           28%        N/A       43%         2
 Confusing Touch          Hex            28%        N/A       67%         3
 Mephitic Cloud           Conj/Pois/Air  28%        N/A       67%         3
 Ozocubu's Armour         Ice            28%        N/A       67%         3
 Stone Arrow              Conj/Erth      56%        3d10      67%         3
 Swiftness                Air            28%        N/A       67%         3
 Tukima's Dance           Hex            28%        N/A       67%         3
 Vampiric Draining        Necr           28%        2d8       67%         3
 Dispel Undead            Necr           28%        3d13      97%         4
 Fulminant Prism          Conj/Hex       14%        3d9       97%         4
 Olgreb's Toxic Radiance  Pois           28%        N/A       97%         4
 Passage of Golubria      Tloc           28%        N/A       97%         4
 Yara's Violent Unravell  Hex/Tmut       14%        3d7       100%        5
 Ozocubu's Refrigeration  Ice            14%        4d10      100%        7


Dungeon Overview and Level Annotations

Branches:
Dungeon (13/15)            Temple (0/1) D:6            Lair (5/5) D:8
  Swamp (0/4) Lair:2        Snake (0/4) Lair:3        Slime (0/5) Lair:4
    Orc (0/2) D:9          Bailey (visited)         Gauntlet (visited)
 Vaults: D:13-14

Altars:
Ashenzari
Elyvilon
Fedhas
Hepliaklqana
Kikubaaqudgha
Makhleb
Qazlal
Trog
Uskayaw
Xom
Yredelemnul
The Shining One

Shops:
D:9 [   D:10 [

Annotations:
Lair:4 1 runed translucent door
Lair:5 demon vault open


Innate Abilities, Weirdness & Mutations

Your life essence is reduced to manifest your ancestor. (-10% HP)
You have very sharp teeth.
Your uncanny sense of smell can sniff out nearby items.
Your experience applies equally to all skills.


Message History

You resist.
You are too injured to fight recklessly!
Aiming: Throw Flame
Press: ? - help, Shift-Dir - straight line, f - white very ugly thing
Aim: a white very ugly thing (severely wounded, 78% to hit)
The puff of flame hits the white very ugly thing.
The white very ugly thing is severely wounded.
The white very ugly thing bites you! The white very ugly thing freezes you!
You resist.
You feel much better.
You block the white very ugly thing's attack.
Aiming: Throw Flame
Press: ? - help, Shift-Dir - straight line, f/p - white very ugly thing
Aim: a white very ugly thing (severely wounded, 78% to hit)
The puff of flame misses the white very ugly thing.
The white very ugly thing bites you! The white very ugly thing freezes you!
You resist.
Aiming: Throw Flame
Press: ? - help, Shift-Dir - straight line, f/p - white very ugly thing
Aim: a white very ugly thing (severely wounded, 78% to hit)
The puff of flame hits the white very ugly thing.
The white very ugly thing is almost dead.
The white very ugly thing bites you!
* * * LOW HITPOINT WARNING * * *
The white very ugly thing freezes you! You resist.
* * * LOW HITPOINT WARNING * * *
A red film seems to cover your vision as you go berserk!
You feel yourself moving faster!
You feel mighty! The white very ugly thing bites you!
* * * LOW HITPOINT WARNING * * *
The white very ugly thing freezes you! You resist.
* * * LOW HITPOINT WARNING * * *
You closely miss the white very ugly thing.
The white very ugly thing is almost dead.
You slice the white very ugly thing!!
The white very ugly thing is almost dead.
The white very ugly thing bites you.
* * * LOW HITPOINT WARNING * * *
The white very ugly thing freezes you! You resist.
You die...

. #. .
.#. .
....###
#
#......
.#.
#...##
... #
#@# # .
#.u.# #.
# #
....###.
#....# .
.... .
#####.#
###..
#...# .
. # ##
.# .. #
. .....
.. ..#
## ...
.. . ..


You could see a white very ugly thing.

Vanquished Creatures
  A tentacled starspawn (Abyss:3)
  A very ugly thing (Abyss:3)
  Snorg (Lair:3)
  2 vault guards (D:13)
  A boulder beetle (D:11)
  2 two-headed ogres
  A death scarab (Gauntlet)
  A tengu warrior (D:13)
  A death yak (Lair:3)
  A thrashing horror (Abyss:3)
  A large abomination (Abyss:3)
  A sun demon (Abyss:3)
  2 wizards
  2 lindwurms (Lair:5)
  A deep elf pyromancer (D:13)
  A cyclops (D:11)
  An ugly thing (D:13)
  2 oklob plants
  8 elephants
  A black mamba (Lair:2)
  4 cane toads
  A gargoyle (D:11)
  The ghost of ledati the Trooper, a novice FoFi (D:4)
  An orange demon (Lair:5)
  A komodo dragon (Lair:2)
  2 rime drakes (Lair:5)
  A troll (D:9)
  A polar bear (Lair:5)
  A polar bear (shapeshifter) (D:13)
  A raiju (shapeshifter) (D:13)
  Prince Ribbit (D:6)
  12 dream sheep (Lair:5)
  A shadow (D:12)
  2 basilisks
  A fire elemental (Abyss:3)
  3 wyverns
  3 humans (D:13)
  A spectral komodo dragon (Gauntlet)
  24 yaks
  A steam dragon (D:11)
  4 vampire mosquitoes
  Menkaure (D:6)
  A naga (Lair:3)
  3 acid dragons
  5 water moccasins
  2 hell hounds (Lair:5)
  12 orc warriors
  2 black bears
  2 centaurs
  4 wolves (Lair:2)
  2 phantoms
  6 bullfrogs
  2 scorpions
  A wyvern zombie (D:8)
  9 wights
  2 killer bees (D:9)
  2 electric eels (Bailey)
  A howler monkey (D:8)
  A centaur zombie (D:8)
  A jelly (D:5)
  4 orc priests
  A gnoll bouda (Lair:1)
  5 orc wizards
  2 iguanas (D:6)
  A sleepcap (D:3)
  A hell rat (Lair:2)
  5 gnolls
  7 adders
  A shadow imp (D:5)
  2 white imps
  2 ufetubi
  2 worms
  5 dart slugs
  11 orcs
  3 ball pythons
  9 bats
  10 endoplasms
  A giant cockroach (D:2)
  12 goblins
  11 hobgoblins
  2 jackals (D:1)
  8 quokkas
  3 frilled lizards
  8 kobolds
  5 rats
279 creatures vanquished.

Vanquished Creatures (collateral kills)
  A minotaur (Gauntlet)
  A dire elephant (Lair:5)
  A blizzard demon (Abyss:3)
  Fannar (Lair:1)
  A hydra (Lair:5)
  3 death yaks (Lair:3)
  A tengu warrior (D:13)
  A necromancer (D:13)
  2 lindwurms (Lair:5)
  A deep elf pyromancer (D:13)
  An orc sorcerer (Bailey)
  An ugly thing (Abyss:3)
  9 elephants
  A black mamba (Lair:2)
  A torpor snail (Lair:4)
  4 cane toads
  An unseen horror zombie (D:8)
  An unseen horror (D:9)
  Maggie (D:7)
  A kobold demonologist (Bailey)
  A rime drake (Lair:5)
  3 komodo dragons
  An ancient zyme (Abyss:3)
  A troll (D:11)
  A raiju (Abyss:3)
  5 dream sheep (Lair:5)
  2 wraiths
  A wyvern (Lair:3)
  14 yaks
  A shadow (D:10)
  10 humans (D:13)
  2 steam dragons (D:11)
  2 vampire mosquitoes (D:12)
  A naga (Lair:3)
  A hell hound (Lair:5)
  2 water moccasins
  6 orc warriors
  An ice beast (D:6)
  A sky beast (D:7)
  3 wolves
  A small abomination (Abyss:3)
  2 centaurs
  A phantom (D:7)
  7 bullfrogs
  4 wights
  6 killer bees (D:9)
  4 electric eels
  2 howler monkeys
  A quasit (D:7)
  An orc priest (D:8)
  A jelly (D:8)
  A sleepcap (D:7)
  4 hell rats (Lair:2)
  A killer bee zombie (D:8)
  3 gnolls
  A shadow imp (D:7)
  An ufetubus (D:7)
  14 orcs
  6 goblins
  4 hobgoblins (Bailey)
  A ball python (D:4)
  2 starspawn tentacles (Abyss:3)
161 creatures vanquished.

Vanquished Creatures (others)
  5 battlemagi
  2 demonic plants (D:7)
  12 fungi
  29 plants
  4 starspawn tentacles (Abyss:3)
52 creatures vanquished.

Grand Total: 492 creatures vanquished

Notes
Turn   | Place    | Note
-------+----------+-------------------------------------------
     0 | D:5      | Reached skill level 9 in Stealth
     0 | D:5      | dva13 the Gnoll Delver began the quest for the Orb.
     0 | D:5      | Reached XP level 1. HP: 23/23 MP: 1/1
   170 | D:5      | Reached XP level 2. HP: 9/29 MP: 2/2
   707 | D:1      | Reached XP level 3. HP: 30/35 MP: 3/3
   918 | D:1      | Reached skill level 1 in Invocations
  1073 | D:1      | Found a faded altar of an unknown god.
  1555 | D:2      | Reached skill level 1 in Short Blades
  1555 | D:2      | Reached skill level 1 in Axes
  1555 | D:2      | Reached skill level 1 in Maces & Flails
  1555 | D:2      | Reached skill level 1 in Polearms
  1555 | D:2      | Reached skill level 1 in Staves
  1555 | D:2      | Reached skill level 1 in Ranged Weapons
  1555 | D:2      | Reached skill level 1 in Throwing
  1555 | D:2      | Reached skill level 1 in Armour
  1555 | D:2      | Reached skill level 1 in Shields
  1555 | D:2      | Reached skill level 1 in Unarmed Combat
  1555 | D:2      | Reached skill level 1 in Spellcasting
  1555 | D:2      | Reached skill level 1 in Evocations
  1615 | D:2      | Reached XP level 4. HP: 41/41 MP: 5/5
  1782 | D:2      | Reached skill level 1 in Conjurations
  1782 | D:2      | Reached skill level 1 in Hexes
  1782 | D:2      | Reached skill level 1 in Summonings
  1782 | D:2      | Reached skill level 1 in Necromancy
  1782 | D:2      | Reached skill level 1 in Translocations
  1782 | D:2      | Reached skill level 1 in Transmutations
  1782 | D:2      | Reached skill level 1 in Fire Magic
  1782 | D:2      | Reached skill level 1 in Ice Magic
  1782 | D:2      | Reached skill level 1 in Air Magic
  1782 | D:2      | Reached skill level 1 in Earth Magic
  1782 | D:2      | Reached skill level 1 in Poison Magic
  2091 | D:2      | Reached XP level 5. HP: 47/47 MP: 7/7
  2581 | D:2      | Identified a scroll of acquirement
  3145 | D:3      | Found a burning altar of Makhleb.
  3194 | D:3      | Found a faded altar of an unknown god.
  3196 | D:3      | Found a hazy altar of Hepliaklqana.
  3639 | D:3      | Became a worshipper of Hepliaklqana the Forgotten
  3698 | D:4      | Found a shimmering altar of Xom.
  3720 | D:4      | Found a large runed translucent door.
  3720 | D:4      | Found a large runed translucent door.
  3723 | D:4      | Noticed ledati's ghost (novice FoFi)
  3848 | D:4      | Found a basalt altar of Yredelemnul.
  4212 | D:5      | Reached skill level 5 in Long Blades
  4212 | D:5      | Reached skill level 5 in Dodging
  4212 | D:5      | Reached XP level 6. HP: 53/53 MP: 7/9
  4598 | D:5      | Reached * piety under Hepliaklqana
  5152 | D:6      | Reached XP level 7. HP: 44/54 MP: 10/10
  5249 | D:6      | Reached skill level 10 in Stealth
  5258 | D:6      | Noticed Menkaure
  5265 | D:6      | Killed Menkaure
  5343 | D:6      | Noticed Prince Ribbit
  5346 | D:6      | Killed Prince Ribbit
  5347 | D:6      | Reached XP level 8. HP: 60/60 MP: 12/12
  5389 | D:6      | Found a staircase to the Ecumenical Temple.
  5655 | D:6      | Found a broken altar of Ashenzari.
  5770 | D:6      | Reached ** piety under Hepliaklqana
  5771 | D:6      | Remembered your ancestor Coronach as a battlemage
  5792 | D:6      | Found a white marble altar of Elyvilon.
  5813 | D:6      | Noticed a wraith
  5817 | D:6      | Killed a wraith
  5818 | D:6      | Reached XP level 9. HP: 65/65 MP: 13/15
  6548 | D:7      | Found a glowing golden altar of the Shining One.
  6585 | D:7      | Noticed Maggie
  6587 | D:7      | Killed Maggie
  6588 | D:7      | Reached skill level 5 in Invocations
  6607 | D:7      | Found a stormy altar of Qazlal.
  7096 | D:8      | Reached skill level 5 in Short Blades
  7096 | D:8      | Reached skill level 5 in Axes
  7096 | D:8      | Reached skill level 5 in Maces & Flails
  7096 | D:8      | Reached skill level 5 in Polearms
  7096 | D:8      | Reached skill level 5 in Staves
  7096 | D:8      | Reached skill level 5 in Ranged Weapons
  7096 | D:8      | Reached skill level 5 in Throwing
  7096 | D:8      | Reached skill level 5 in Armour
  7096 | D:8      | Reached skill level 5 in Shields
  7096 | D:8      | Reached skill level 5 in Unarmed Combat
  7096 | D:8      | Reached skill level 5 in Spellcasting
  7096 | D:8      | Reached skill level 5 in Evocations
  7096 | D:8      | Reached XP level 10. HP: 73/73 MP: 17/17
  7214 | D:8      | Found a hide-covered altar of Uskayaw.
  7222 | D:8      | Found a staircase to the Lair.
  7813 | D:8      | Reached skill level 11 in Stealth
  8075 | D:8      | Reached *** piety under Hepliaklqana
  8170 | D:9      | Found a flagged portal.
  8192 | Bailey   | Entered a bailey
  8612 | Bailey   | Found an iron altar of Okawaru.
  8614 | Bailey   | Noticed a kobold demonologist
  8614 | Bailey   | Noticed an orc sorcerer
  8624 | Bailey   | Killed an orc sorcerer
  8625 | Bailey   | Killed a kobold demonologist
  8941 | Bailey   | Reached skill level 5 in Conjurations
  8941 | Bailey   | Reached skill level 5 in Hexes
  8941 | Bailey   | Reached skill level 5 in Summonings
  8941 | Bailey   | Reached skill level 5 in Necromancy
  8941 | Bailey   | Reached skill level 5 in Translocations
  8941 | Bailey   | Reached skill level 5 in Transmutations
  8941 | Bailey   | Reached skill level 5 in Fire Magic
  8941 | Bailey   | Reached skill level 5 in Ice Magic
  8941 | Bailey   | Reached skill level 5 in Air Magic
  8941 | Bailey   | Reached skill level 5 in Earth Magic
  8941 | Bailey   | Reached skill level 5 in Poison Magic
  9334 | D:9      | Reached XP level 11. HP: 73/80 MP: 20/20
  9793 | D:9      | Found a staircase to the Orcish Mines.
 10220 | D:10     | Entered Level 10 of the Dungeon
 10470 | D:8      | Acquired 445 gold pieces
 10472 | D:8      | Acquired 887 gold pieces
 10475 | Lair:1   | Entered Level 1 of the Lair of Beasts
 10691 | Lair:1   | You fall into a shaft and drop 1 floor!
 10748 | Lair:2   | Reached **** piety under Hepliaklqana
 10794 | Lair:1   | Reached skill level 10 in Fighting
 10794 | Lair:1   | Reached skill level 12 in Stealth
 10794 | Lair:1   | Reached XP level 12. HP: 87/87 MP: 21/23
 11144 | Lair:1   | Identified the +1 quarterstaff of Zipees {heavy, +Blink
                  | rElec MP-9 Dex+8}
 11205 | Lair:1   | Noticed Fannar
 11352 | Lair:1   | Killed Fannar
 11445 | Lair:1   | Identified the ring "Fafylaif" {rF+ Int+2 SInv}
 11681 | Lair:2   | Found a staircase to the Swamp.
 12101 | D:4      | Killed ledati's ghost
 12317 | Lair:2   | Reached XP level 13. HP: 66/92 MP: 24/24
 13549 | Lair:3   | Found a staircase to the Snake Pit.
 13574 | Lair:3   | Noticed Snorg
 13579 | Lair:3   | Killed Snorg
 14482 | Lair:4   | Reached ***** piety under Hepliaklqana
 14606 | Lair:4   | Found a runed translucent door.
 14615 | Lair:4   | Found a staircase to the Slime Pits.
 14615 | Lair:4   | Noticed an acid blob
 14615 | Lair:4   | Noticed an acid blob
 15188 | Lair:5   | Entered Level 5 of the Lair of Beasts
 15288 | Lair:5   | Found a gate leading to a gauntlet.
 15302 | Gauntlet | Entered a Gauntlet
 15302 | Gauntlet | Found a transporter.
 15302 | Gauntlet | Found a transporter.
 15311 | Gauntlet | Found a transporter.
 15314 | Gauntlet | Found a transporter.
 15322 | Gauntlet | Found a transporter.
 15326 | Gauntlet | Found a transporter.
 15335 | Gauntlet | Found the necklace of Bloodlust {Fury *Rage Will++ Int-3
                  | Slay+6}
 15337 | Gauntlet | Found a transporter.
 15350 | Gauntlet | Noticed a dire elephant
 15351 | Gauntlet | Found a transporter.
 15369 | Gauntlet | Found a transporter.
 15370 | Gauntlet | Found a transporter.
 15378 | Gauntlet | Found a transporter.
 15406 | Gauntlet | Found a transporter.
 15591 | Gauntlet | Noticed a minotaur
 15602 | Gauntlet | Killed a minotaur
 15765 | Gauntlet | Got the Codex of Alteration and Vitiation
 15975 | Lair:5   | Reached skill level 10 in Long Blades
 15975 | Lair:5   | Reached skill level 10 in Dodging
 16255 | Lair:5   | Reached XP level 14. HP: 87/101 MP: 27/27
 16263 | Lair:5   | Reached skill level 13 in Stealth
 16274 | Lair:5   | Identified the staff of air "Puevesog" {rElec rPois rN+
                  | Str+3}
 16525 | Lair:5   | Reached skill level 10 in Invocations
 16649 | Lair:5   | Noticed a dire elephant
 16660 | Lair:5   | Killed a dire elephant
 17613 | Lair:5   | Found a burning altar of Makhleb.
 18030 | D:10     | Found the macabre finger necklace {Finger+ rN+}
 18161 | D:10     | Found a blossoming altar of Fedhas.
 18195 | D:10     | Found a bloodstained altar of Trog.
 18329 | D:10     | Found an ancient bone altar of Kikubaaqudgha.
 18347 | D:10     | Found Vuonief's Armour Boutique.
 20095 | D:12     | Reached ****** piety under Hepliaklqana
 20377 | D:13     | Identified the +1 morningstar of the Shouting Gods {heavy,
                  | rPois rF+ Int+8 Stlth-}
 21276 | D:13     | Upgraded the game from 0.30-a0-1043-g60ff8d5f49 to
                  | 0.30-a0-1053-gbd8d5ba0ad
 21366 | Abyss:3  | Cast into level 3 of the Abyss (a wizard)
 21388 | Abyss:3  | Found a corrupted altar of Lugonu.
 21407 | Abyss:3  | Noticed a tentacled starspawn
 21407 | Abyss:3  | Noticed a purple very ugly thing
 21409 | Abyss:3  | Noticed a purple very ugly thing
 21416 | Abyss:3  | Found a corrupted altar of Lugonu.
 21439 | Abyss:3  | Killed a tentacled starspawn
 21440 | Abyss:3  | Reached skill level 10 in Short Blades
 21440 | Abyss:3  | Reached skill level 10 in Axes
 21440 | Abyss:3  | Reached skill level 10 in Maces & Flails
 21440 | Abyss:3  | Reached skill level 10 in Polearms
 21440 | Abyss:3  | Reached skill level 10 in Staves
 21440 | Abyss:3  | Reached skill level 10 in Ranged Weapons
 21440 | Abyss:3  | Reached skill level 10 in Throwing
 21440 | Abyss:3  | Reached skill level 10 in Armour
 21440 | Abyss:3  | Reached skill level 10 in Shields
 21440 | Abyss:3  | Reached skill level 10 in Unarmed Combat
 21440 | Abyss:3  | Reached skill level 10 in Spellcasting
 21440 | Abyss:3  | Reached skill level 10 in Evocations
 21440 | Abyss:3  | Reached XP level 15. HP: 105/108 MP: 24/29
 21475 | Abyss:3  | Noticed a balrug
 21480 | Abyss:3  | Noticed a pearl dragon
 21543 | Abyss:3  | Noticed a balrug
 21619 | Abyss:3  | HP: 8/162 [white very ugly thing (1)]
 21619 | Abyss:3  | Slain by a white very ugly thing

Illustrated notes

Levels and vault maps discovered:
D:1:      dpeg_arrival_round_c, layout_basic,
          hellmonk_ecumenical_altar_arch_garden
D:2:      layout_loops_ring, minmay_fractal_squares_gapless_5
D:3:      layout_loops_corners, lemuel_tele_altar,
          beargit_hepliaklqana_dungeon_heroes, serial_rivers,
          chequers_serial_rivers_micro_c, chequers_serial_rivers_small_a,
          chequers_serial_rivers_small_3, chequers_serial_rivers_micro_a,
          chequers_serial_rivers_large_a
D:4:      layout_loops_ring, mainiacjoe_overflow_cross_hatched,
          mainiacjoe_overflow_tiny_flanked, ebering_ghost_disaster_area,
          kennysheep_nondescript
D:5:      layout_basic
D:6:      layout_loops_cross, mainiacjoe_overflow_alcove_2, marbit_many_paths,
          temple_fountains, uniq_prince_ribbit1, uniq_menkaure
D:7:      layout_basic, nicolae_qazlal_eye_of_the_storm,
          nicolae_tso_carved_into_rock, serial_demonic, serial_demonic_a,
          serial_demonic_c, serial_demonic_d, serial_demonic_e, uniq_maggie
D:8:      layout_loops_ring, lemuel_crystal_altar, david_lair_generic,
          serial_undead, serial_undead_d, serial_undead_c, serial_undead_b,
          serial_undead_c
D:9:      layout_loops_ring, orc_0_dummy, lightli_bailey_entry_fortress,
          eino_jars
D:10:     layout_gridville, fedhas_ov_isle_minmay,
          mainiacjoe_overflow_catwalk_spiral, serial_shops,
          nicolae_shop_statue_plus
D:11:     cheibrodos_steamvent, layout_basic, kb_lookout_dungeons_type
D:12:     layout_irregular_city, minmay_misc_feat_hallway
D:13:     layout_roguey, grunt_vaults_entry_tiered
Lair:1:   layout_long_grid, dreamdust_gnoll_shepherd, uniq_fannar
Lair:2:   layout_regular_city, swamp_mist, serial_bayou_crossing,
          serial_bayou_shore_b
Lair:3:   layout_cave_pods, guppyfry_snake_entry_island, serial_bayou_shore_a,
          infiniplex_staircase_pool, lemuel_fruit_tree, grunt_megastairs_1,
          uniq_snorg
Lair:4:   layout_gridlike, slime_entry_2
Lair:5:   evil_forest, layout_hall_layers, gauntlet_entry_generic,
          minmay_lindwurm_lava
Abyss:3:  base: Lair:4, hangedman_decor_lopped, minivault_23,
          hangedman_elemental_corridor, lemuel_flamethrower_hall

Skill      XL: |  1  2  3  4  5  6  7  8  9 10 11 12 13 14 15 |
---------------+----------------------------------------------+-----
Stealth        | 10 11 12 13 | 13.6
Invocations    | 1 2 3 4 5 6 8 9 10 11 | 11.0
Short Blades   | 1 2 3 4 5 6 7 9 10 | 10.1
Axes           | 1 2 3 4 5 6 7 9 10 | 10.1
Maces & Flails | 1 2 3 4 5 6 7 9 10 | 10.1
Polearms       | 1 2 3 4 5 6 7 9 10 | 10.1
Staves         | 1 2 3 4 5 6 7 9 10 | 10.1
Ranged Weapons | 1 2 3 4 5 6 7 9 10 | 10.1
Throwing       | 1 2 3 4 5 6 7 9 10 | 10.1
Armour         | 1 2 3 4 5 6 7 9 10 | 10.1
Shields        | 1 2 3 4 5 6 7 9 10 | 10.1
Unarmed Combat | 1 2 3 4 5 6 7 9 10 | 10.1
Spellcasting   | 1 2 3 4 5 6 7 9 10 | 10.1
Evocations     | 1 2 3 4 5 6 7 9 10 | 10.1
Conjurations   | 1 2 3 4 5 6 7 8 |  8.4
Hexes          | 1 2 3 4 5 6 7 8 |  8.4
Summonings     | 1 2 3 4 5 6 7 8 |  8.4
Necromancy     | 1 2 3 4 5 6 7 8 |  8.4
Translocations | 1 2 3 4 5 6 7 8 |  8.4
Transmutations | 1 2 3 4 5 6 7 8 |  8.4
Fire Magic     | 1 2 3 4 5 6 7 8 |  8.4
Ice Magic      | 1 2 3 4 5 6 7 8 |  8.4
Air Magic      | 1 2 3 4 5 6 7 8 |  8.4
Earth Magic    | 1 2 3 4 5 6 7 8 |  8.4
Poison Magic   | 1 2 3 4 5 6 7 8 |  8.4
Long Blades    | 5 6 7 8 9 10 11 | 11.1
Dodging        | 5 6 7 8 9 10 11 | 11.1
Fighting       | 7 8 9 10 11 12 | 12.0

Action                     |  1- 3 |  4- 6 |  7- 9 | 10-12 | 13-15 || total
---------------------------+-------+-------+-------+-------+-------++-------
  Melee: Falchion          |    64 |       |       |       |       ||    64
         Bite              |     6 |    23 |    14 |    57 |   100 ||   200
         Long sword        |    35 |   168 |   131 |    58 |       ||   392
         Punch             |     1 |     1 |       |       |       ||     2
         Scimitar          |       |       |       |   311 |   475 ||   786
         War axe           |       |       |       |       |     4 ||     4
         Staff             |       |       |       |       |     3 ||     3
  Throw: Dart              |       |       |       |    11 |    19 ||    30
         Javelin           |       |       |       |       |    10 ||    10
 Invoke: Ancestor Identity |       |     1 |       |       |       ||     1
         Ancestor Life: Ba |       |       |     1 |       |       ||     1
         Recall Ancestor   |       |       |     1 |     3 |    12 ||    16
         Idealise          |       |       |       |       |     3 ||     3
  Evoke: Wand              |       |       |     8 |    18 |    29 ||    55
         Tin of tremorston |       |       |       |       |     2 ||     2
    Use: Potion            |     1 |       |     1 |     7 |    13 ||    22
         Scroll            |     2 |     4 |     3 |     8 |    25 ||    42
   Stab: Sleeping          |     9 |    15 |       |     1 |       ||    25
         Distracted        |       |     2 |     3 |     7 |    20 ||    32
         Invisible         |       |       |     1 |     3 |       ||     4
 Armour: Leather armour    |    25 |     2 |       |       |       ||    27
         Ring mail         |       |    24 |       |       |       ||    24
         Chain mail        |       |    17 |       |       |       ||    17
         Plate armour      |       |    28 |   107 |   174 |   327 ||   636
         Swamp dragon scal |       |       |       |    17 |       ||    17
  Dodge: Dodged            |    68 |    64 |    55 |   129 |   123 ||   439
  Block: Buckler           |       |    14 |    39 |   101 |   152 ||   306

Table legend: (Time is in decaauts)
 A = Elapsed time spent in this place.
 B = Non-inter-level travel time spent in this place.
 C = Inter-level travel time spent in this place.
 D = Time resting spent in this place.
 E = Time spent auto-exploring this place.
 F = Levels seen in this place.
 G = Mean time per level.
                   A        B        C        D        E       F      G
               +--------+--------+--------+--------+--------+-----+--------+
         Total |  21650 |  20102 |   1548 |   4193 |  11057 |  21 | 1031.0 |
       Dungeon |  13552 |  12454 |   1098 |   2353 |   7383 |  13 | 1042.5 |
          Lair |   6350 |   5900 |    450 |   1095 |   3282 |   5 | 1270.0 |
         Abyss |    230 |    230 |      0 |     68 |      0 |   1 |  230.0 |
        Bailey |   1023 |   1023 |      0 |    435 |    270 |   1 | 1023.0 |
      Gauntlet |    494 |    494 |      0 |    241 |    122 |   1 |  494.0 |
               +--------+--------+--------+--------+--------+-----+--------+

Top non-repeatable levels by time:
  Lair:5: 1772 daAuts
     D:8: 1498 daAuts
  Lair:3: 1302 daAuts
     D:9: 1255 daAuts
     D:4: 1179 daAuts
  Lair:1: 1177 daAuts
     D:5: 1111 daAuts
     D:3: 1088 daAuts
     D:1: 1077 daAuts
    D:10: 1061 daAuts
  Lair:4: 1058 daAuts
  Lair:2: 1039 daAuts
     D:2: 1027 daAuts
  Bailey: 1023 daAuts
     D:6: 994 daAuts
